 Dungeon Crawl Stone Soup version 0.20-a0-927-g1ae2c61 (webtiles) character file.

249966 Gorglomux the Gelid (level 19, -8/219 HPs)
             Began as a Barachi Earth Elementalist on Mar 29, 2017.
             Was the Champion of Ashenzari.
             Mangled by a skeletal warrior
             ... wielding a +0 glaive
             ... led by a skeletal warrior
              (37 damage)
             ... on level 13 of the Dungeon.
             The game lasted 04:20:30 (51427 turns).

Gorglomux the Gelid (Barachi Earth Elementalist)   Turns: 51427, Time: 04:20:31

Health: -8/219     AC: 15    Str: 19    XL:     19   Next: 61%
Magic:  24/34      EV: 18    Int: 23    God:    Ashenzari [******]
Gold:   2494       SH:  0    Dex: 14    Spells: 11/40 levels left

rFire    . . .     SeeInvis +   N - +13 scythe of Curses {drain, *Curse} (curse)
rCold    + . .     Gourm    .   (shield currently unavailable)
rNeg     . . .     Faith    .   l - +0 swamp dragon scales
rPois    +         Spirit   .   G - +1 helmet
rElec    .         Reflect  .   L - scarf {repulsion} (curse)
rCorr    .         Harm     .   C - +2 pair of gloves {Str+3} (curse)
MR       +++..     Clarity  +   (no boots)
Stlth    ..........             Y - necklace of Bloodlust {*Rage +Rage MR++ Int-3 Slay+6 *Curse} (curse)
Regen    0.5/turn               F - +5 ring of intelligence (curse)
MPRegen  0.3/turn               t - ring of ice (curse) {rC+, rF-}

@: berserking, flayed, can't hop, repel missiles, quick
A: +LOS, swims, fire resistance 1, slowness 1, wild magic 1, strong legs 2
}: 2/15 runes: decaying, gossamer
a: Hop, Curse Item, Scrying, Transfer Knowledge, Renounce Religion, Evoke
Berserk Rage


You were on level 13 of the Dungeon.
You worshipped Ashenzari.
Ashenzari was exalted by your worship.
You were very hungry.

You visited 7 branches of the dungeon, and saw 33 of its levels.
You also visited: Ice Cave.

You collected 3508 gold pieces.
You spent 1014 gold pieces at shops.

Inventory:

Hand Weapons
 N - the cursed +13 scythe of Curses (weapon) {drain, *Curse}
   (You found it on level 8 of the Dungeon)

   A truly terrible weapon, it drains the life of those it strikes.
   It curses itself when equipped.
   It has a curse placed upon it.
Missiles
 s - 823 stones (quivered)
 z - 6 throwing nets {=f, !d}
Armour
 l - +0 swamp dragon scales (worn)
   (You found it on level 6 of the Lair of Beasts)
 C - a cursed +2 pair of gloves of strength (worn)
   (You bought it in a shop on level 4 of the Dungeon)
 G - a +1 helmet (worn)
   (You found it on level 3 of the Spider Nest)
 L - a cursed scarf of repulsion (worn)
   (You found it on level 6 of the Dungeon)
 M - the +7 fire dragon scales of the Wumpus {*Contam rF++ rC- MR+ Str+4}
   (You found it on level 6 of the Dungeon)

   It affects your strength (+4).
   It greatly protects you from fire.
   It makes you vulnerable to cold.
   It affects your resistance to hostile enchantments.
   It causes magical contamination when unequipped.
Jewellery
 o - an uncursed ring of protection from cold {rC+, !d}
   (You found it on level 14 of the Dungeon)
 t - a cursed ring of ice (right hand) {rC+, rF-}
   (You found it on level 3 of the Dungeon)
 F - a cursed +5 ring of intelligence (left hand)
   (You found it on level 5 of the Dungeon)
 Y - the cursed necklace of Bloodlust (around neck) {*Rage +Rage MR++ Int-3 Slay+6 *Curse}
   (You found it on level 12 of the Dungeon)

   [amulet of rage]

   It affects your intelligence (-3).
   It affects your accuracy and damage with ranged weapons and melee attacks
   (+6).
   It affects your resistance to hostile enchantments.
   It lets you go berserk.
   It may make you go berserk in combat.
   It curses itself when equipped.
   It has a curse placed upon it.
Wands
 P - a wand of clouds (0/9)
   (You found it on level 10 of the Dungeon)
 T - a wand of iceblast (6/15)
   (You found it on level 13 of the Dungeon)
 Z - a wand of acid (2/15)
   (You found it on level 13 of the Dungeon)
Scrolls
 f - 6 scrolls of amnesia
 g - 4 scrolls of immolation {!r}
 i - 9 scrolls of teleportation
 k - 8 scrolls of remove curse
 n - 5 scrolls of fog
 q - a scroll of summoning
 u - 5 scrolls of fear
 J - 5 scrolls of recharging
 K - 2 scrolls of magic mapping {!r}
 X - 7 scrolls of blinking {!r}
Potions
 b - 11 potions of curing
 c - 2 potions of invisibility
 j - a potion of haste
 p - 7 potions of ambrosia
 r - 2 potions of mutation {!q}
 w - 5 potions of might
 x - 8 potions of heal wounds
 A - 2 potions of resistance
 B - 5 potions of cancellation
 D - 6 potions of flight
 E - 2 potions of berserk rage {!q}
 H - 3 potions of brilliance
 O - 4 potions of lignification {!q}
 S - 3 potions of magic
 U - 3 potions of agility
Miscellaneous
 e - a crystal ball of energy
   (You found it in an ice cave)
 v - a phial of floods (inert)
   (You found it on level 14 of the Dungeon)
 y - a lamp of fire
   (You bought it in a shop on level 2 of the Orcish Mines)
 I - a fan of gales (inert)
   (You found it on level 10 of the Dungeon)
 Q - 2 phantom mirrors
 W - a box of beasts
Comestibles
 a - 5 chunks of flesh {@w0@w0}
 d - 15 bread rations {@e1@e1}
 h - 21 meat rations {@e2@e2}
 m - 2 royal jellies
 V - 4 fruits


   Skills:
 + Level 12.3 Fighting
 - Level 16.2(21.3) Polearms
 + Level 9.2 Armour
 + Level 11.6 Dodging
 - Level 1.7 Stealth
 + Level 11.3 Spellcasting
 + Level 11.6(15.8) Conjurations
 - Level 8.4(12.8) Summonings
 - Level 3.6(7.7) Translocations
   Level 1.1(3.7) Transmutations
 + Level 16.7(20.5) Ice Magic
 - Level 10.4(14.6) Air Magic
 - Level 11.1(15.3) Earth Magic
   Level 6.1 Invocations
 - Level 5.6(10.1) Evocations


You had 11 spell levels left.
You knew the following spells:

 Your Spells              Type           Power        Failure   Level  Hunger
a - Sandblast             Erth           ######       1%          1    None
b - Summon Ice Beast      Ice/Summ       ########     1%          4    None
c - Lesser Beckoning      Tloc           ######....   1%          3    None
d - Freezing Cloud        Conj/Ice/Air   ########..   2%          6    #####..
e - Orb of Destruction    Conj           #######...   17%         7    #######
x - Stone Arrow           Conj/Erth      ######       1%          3    None
z - Lee's Rapid Deconstr  Erth           #######...   1%          5    ####...


Dungeon Overview and Level Annotations

Branches:
Dungeon (15/15)            Temple (1/1) D:4            Lair (6/6) D:11
  Swamp (4/4) Lair:3       Spider (4/4) Lair:2        Slime (0/5) Lair:6
    Orc (2/2) D:9             Elf (0/3) Orc:2        Vaults (1/5) D:13
 Depths (0/5) D:15

Altars:
Ashenzari
Cheibriados
Dithmenos
Elyvilon
Fedhas
Hepliaklqana
Kikubaaqudgha
Makhleb
Okawaru
Qazlal
Ru
Sif Muna
Trog
Uskayaw
Vehumet
Wu Jian
Xom
Yredelemnul
Zin
The Shining One
Beogh

Shops:
D:4 [   D:7 }   D:8 (   D:15 *   Orc:1 =   Orc:2 !%(}

Portals:
Pandemonium: Orc:2
Trove: D:14 (give 8 potions of haste)

Annotations:
D:3 exclusion: Grinder, Grinder
Lair:6 exclusion: 4 oklob plants


Innate Abilities, Weirdness & Mutations

Shadows flee at your approach. (+LOS)
You can swim through water.
You cover ground slowly.
You can hop longer distances.
Your flesh is heat resistant. (rF+)
Your spells are a little harder to cast, but a little more powerful.


Message History

Aim: a yaktaur captain, wielding an arbalest You feel a surge of power!
You are feeling hungry.
The yaktaur captain is engulfed in freezing vapours.
The yaktaur captain shoots a bolt.
The bolt hits you!
The skeletal warrior is engulfed in freezing vapours.
The skeletal warrior hits you from afar with a glaive!
The two-headed ogre is engulfed in freezing vapours.
The flayed ghost is engulfed in freezing vapours.
You take 14 damage, and have 80/146 hp.
You now have 22/34 mp.
You are too injured to fight recklessly!
Attack whom?
Aim: a skeletal warrior, wielding a glaive (freezing vapour, moderately damaged)
You reach to attack!
You slice the skeletal warrior!!
The two-headed ogre is engulfed in freezing vapours.
The skeletal warrior closely misses you.
The yaktaur captain is engulfed in freezing vapours.
The flayed ghost is engulfed in freezing vapours.
Attack whom?
Aim: a two-headed ogre, wielding a giant spiked club and a giant club (freezing vapour, moderately wounded)
You reach to attack!
You barely miss the two-headed ogre.
The ironbrand convoker is engulfed in freezing vapours.
The ironheart preserver is engulfed in freezing vapours.
The two-headed ogre is engulfed in freezing vapours.
The yaktaur captain is engulfed in freezing vapours.
Attack whom?
Aim: a two-headed ogre, wielding a giant spiked club and a giant club (heavily wounded)
You slice the two-headed ogre!!
You kill the two-headed ogre!
The ironbrand convoker is engulfed in freezing vapours.
The flayed ghost is engulfed in freezing vapours.
The ironheart preserver is engulfed in freezing vapours.
The skeletal warrior is engulfed in freezing vapours.
The skeletal warrior misses you.
Attack whom?
Aim: a flayed ghost (freezing vapour, heavily damaged)
You reach to attack!
You miss the flayed ghost.
The yaktaur captain is engulfed in freezing vapours.
The ironheart preserver is engulfed in freezing vapours.
The ironheart preserver casts a spell.
The ironheart preserver begins to accept its allies' injuries.
The ironbrand convoker is engulfed in freezing vapours.
The flayed ghost is engulfed in freezing vapours.
The skeletal warrior is engulfed in freezing vapours.
The skeletal warrior completely misses you.
Attack whom?
Aim: a yaktaur captain, wielding an arbalest (almost dead, sheltered from injuries)
You reach to attack!
You slash the yaktaur captain!
Something reaches out for the yaktaur captain...
The yaktaur captain shoots a bolt.
The bolt is repelled.
The ironheart preserver is engulfed in freezing vapours.
The ironbrand convoker is engulfed in freezing vapours.
The flayed ghost hits you!!
You take 20 damage, and have 61/146 hp.
Attack whom?
Aim: a yaktaur captain, wielding an arbalest (almost dead, sheltered from injuries)
You reach to attack!
You slice the yaktaur captain!!
You kill the yaktaur captain!
The skeletal warrior closely misses you.
The ironbrand convoker is engulfed in freezing vapours.
The ironheart preserver is engulfed in freezing vapours.
The flayed ghost completely misses you.
You completely miss the ironheart preserver.
The ironbrand convoker is engulfed in freezing vapours.
The ironbrand convoker casts a spell at the skeletal warrior.
The skeletal warrior seems to grow stronger.
The ironheart preserver misses you.
The flayed ghost stares at you with tortured malice.
Terrible wounds open up all over your body!
* * * LOW HITPOINT WARNING * * *
The skeletal warrior hits you from afar with a glaive!
* * * LOW HITPOINT WARNING * * *
You take 25 damage, and have 36/146 hp.
Okay, then.
A red film seems to cover your vision as you go berserk!
You feel yourself moving faster!
You feel mighty!
You are feeling very hungry.
The ironbrand convoker is engulfed in freezing vapours.
The ironbrand convoker hits your soul eater with a flail!
The flayed ghost hits you!
* * * LOW HITPOINT WARNING * * *
The ironheart preserver hits you with a great mace of crushing!
* * * LOW HITPOINT WARNING * * *
x2 The skeletal warrior is engulfed in freezing vapours.
The skeletal warrior closely misses you.
You now have 31/219 hp.
You closely miss the flayed ghost.
Your soul eater is engulfed in freezing vapours.
Your soul eater barely misses the ironheart preserver.
The flayed ghost completely misses you.
The ironbrand convoker is engulfed in freezing vapours.
You kill the ironbrand convoker!
You closely miss the flayed ghost.
The ironheart preserver hits you with a great mace of crushing.
* * * LOW HITPOINT WARNING * * *
x2 Your soul eater is engulfed in freezing vapours.
Your soul eater barely misses the ironheart preserver.
The skeletal warrior is engulfed in freezing vapours.
The skeletal warrior hits you from afar with a glaive!!!
You die...

.##.#######.#############.#
..........#.#§§...#.....#.## #
..........#.#§§§.?#....†'.[######
...###.##.#.#§§∩..#..⌠..(|..((((.
...###.##.#.#§§§§§#.....().......
......[.....#.§§§§#.....#)†)...).
............##)3z###[''##(...()))
............#..pW.#.)...#.....)..
.##########.#...@.'.....#(.())...
#########...#..⌠..'..⌠..#.)......
............#....('.....#........
............#.....#(...)#........
............#############........
.................................
#############..............#'####
.................#'######.#..'...
.................#...........#...


You could see an ironheart preserver, a skeletal warrior, a flayed ghost and a
friendly soul eater.

Vanquished Creatures
  the Lernaean hydra (Swamp:4)
  Arachne (Spider:3)
  A sphinx (D:13)
  The ghost of Zenonira the Warrior, an adept FoFi of Cheibriados (Swamp:3)
  A thorn hunter (Swamp:3)
  Donald (Orc:2)
  4 ghost moths (Spider:4)
  Aizul (Swamp:3)
  An orc warlord (Orc:2)
  A vault warden (Vaults:1)
  A juggernaut zombie (D:15)
  An emperor scorpion (Spider:4)
  An ironheart preserver (Vaults:1)
  A stone giant (Orc:2)
  3 entropy weavers
  Azrael (Spider:2)
  2 deep elf annihilators (Vaults:1)
  A crystal guardian (D:15)
  Snorg (D:9)
  A spark wasp (Spider:3)
  3 ettins
  A quicksilver dragon zombie (D:15)
  2 fire dragons
  The ghost of nikopol the Fighter, a journeyman MiBe of Trog (D:12)
  3 yaktaur captains
  5 vault guards
  An ice dragon (Vaults:1)
  11 hydras
  A ghost crab (Swamp:4)
  Erica (D:10)
  A catoblepas (Lair:2)
  3 centaur warriors
  2 death knights
  8 alligators
  A tengu warrior (D:13)
  9 two-headed ogres
  4 orc high priests (Orc:2)
  Urug (D:10)
  2 deep troll earth magi (Vaults:1)
  A soul eater (Orc:2)
  Sonja (Lair:1)
  11 skeletal warriors
  2 deep trolls (Vaults:1)
  10 swamp dragons
  An infernal demonspawn (Orc:2)
  6 ironbrand convokers
  2 flayed ghosts
  4 spriggan druids
  2 phantasmal warriors (D:14)
  A torturous demonspawn (Orc:2)
  Pikel (D:5)
  6 orc knights
  2 shambling mangroves (Swamp:2)
  A deep elf archer (Vaults:1)
  A wolf spider zombie (D:14)
  24 wolf spiders
  A necromancer (D:15)
  11 orc sorcerers
  13 orb spiders
  5 deep elf magi
  3 moths of wrath
  11 ugly things
  3 manticores
  3 elephants (Lair:5)
  5 cyclopes
  7 black mambas
  A centaur zombie (D:13)
  4 ice statues
  A torpor snail (Lair:6)
  A vault sentinel (Vaults:1)
  A smoke demon (Orc:2)
  An orange demon (Orc:2)
  3 gargoyles
  9 spiny frogs
  3 rime drakes
  2 yaktaur zombies (D:15)
  6 yaktaurs
  4 freezing wraiths
  14 demonic crawlers
  A harpy zombie (D:15)
  A guardian mummy (D:15)
  A merfolk (D:10)
  10 komodo dragons
  8 polar bears (Lair:6)
  9 tyrant leeches
  9 trolls
  7 bog bodies
  37 jumping spiders
  A raiju (Lair:6)
  18 hornets
  10 blink frogs
  A raiju (shapeshifter) (D:14)
  11 slime creatures (Swamp:1)
  11 hippogriffs
  2 dream sheep
  7 shadows
  9 spriggans
  39 tarantellas
  85 redbacks
  8 basilisks
  6 wraiths
  57 yaks
  4 wyverns
  A fire bat (D:14)
  15 humans (D:13)
  A vampire (D:13)
  2 fire elementals (Spider:2)
  3 hogs (Spider:1)
  2 hungry ghosts
  4 steam dragons
  11 vampire mosquitoes
  26 swamp worms
  6 wargs
  12 insubstantial wisps
  A soldier ant (shapeshifter) (D:14)
  18 water moccasins
  An acid dragon (D:14)
  13 hell hounds
  10 porcupines
  Duvessa (D:5)
  15 swamp drakes
  37 orc warriors
  10 sky beasts
  9 black bears
  13 ice beasts
  An eye of draining (D:13)
  A slave (D:5)
  4 phantoms
  26 centaurs
  3 necrophages
  17 ogres
  18 wolves
  8 crocodiles
  20 bullfrogs
  Dowan (D:5)
  3 scorpions
  A wyvern skeleton (D:13)
  10 killer bees
  5 electric eels
  13 crimson imps
  2 bullfrog zombies
  6 hounds
  10 jellies
  27 orc priests
  18 orc wizards
  2 bullfrog skeletons
  5 centaur skeletons
  10 iguanas
  7 worker ants
  A hound zombie (D:8)
  3 hound skeletons
  4 worker ant zombies
  3 gnolls
  18 adders
  2 shadow imps
  4 oozes (Lair:6)
  An adder skeleton (D:7)
  3 dart slugs
  6 leopard geckos
  80 orcs
  16 bats
  12 giant cockroaches
  12 goblins
  6 hobgoblins
  18 jackals
  15 kobolds
  5 quokkas
  6 frilled lizards
  A jackal skeleton (D:4)
  A quokka skeleton (D:5)
  A quokka zombie (D:6)
  6 rats
1279 creatures vanquished.

Vanquished Creatures (collateral kills)
  Kirke (Spider:1)
  A vault warden (Vaults:1)
  A deep elf sorcerer (Vaults:1)
  The ghost of galech the Brawler, a journeyman TrMo of Elyvilon (Orc:2)
  2 emperor scorpions (Spider:4)
  An ironheart preserver (Vaults:1)
  A deep elf annihilator (Vaults:1)
  3 hydras
  A centaur warrior (D:14)
  A catoblepas (Lair:6)
  3 spriggans
  A sixfirhy (Orc:2)
  A deep troll (Vaults:1)
  2 shambling mangroves
  4 swamp dragons (Swamp:4)
  A wizard (D:13)
  An ugly thing (D:13)
  A necromancer (D:13)
  4 wolf spiders
  4 orb spiders (Spider:4)
  2 slime creatures (Swamp:1)
  A cyclops (D:14)
  A black mamba (Lair:6)
  2 torpor snails (Spider:2)
  2 spiny frogs
  A yaktaur (D:13)
  3 hornets
  7 jumping spiders
  2 polar bears (Lair:6)
  A bog body (Swamp:2)
  2 hogs (Spider:1)
  12 redbacks
  4 tarantellas
  10 yaks
  4 humans (D:13)
  2 wargs (Lair:6)
  2 water moccasins
  4 hell hounds
  An orc warrior (Orc:2)
  3 black bears (Lair:6)
  An ogre (Orc:1)
  3 wolves (Lair:6)
  A centaur (D:13)
  An orc priest (Orc:2)
  2 orc wizards (Orc:2)
  A bullfrog skeleton (D:13)
  3 orcs
  2 bats (D:14)
  A plant (Lair:4)
116 creatures vanquished.

Vanquished Creatures (others)
  A hornet (Swamp:4)
  A slime creature (Swamp:1)
  3 bushes (D:14)
  12 fungi
  21 plants
  5 toadstools (D:1)
43 creatures vanquished.

Grand Total: 1438 creatures vanquished

Notes
Turn   | Place    | Note
-------+----------+-------------------------------------------
     0 | D:1      | Gorglomux the Barachi Earth Elementalist began the quest for the Orb.
     0 | D:1      | Reached XP level 1. HP: 13/13 MP: 3/3
     0 | D:1      | Gorglomux: !unwon
    70 | D:1      | HP: 3/13 [kobold (3)]
    71 | D:1      | beem: 31 games for * (!experimental playable): 0/31x BaEE [0.00%]
   347 | D:1      | Reached XP level 2. HP: 14/19 MP: 3/5
  1340 | D:2      | Reached XP level 3. HP: 15/24 MP: 6/6
  1347 | D:2      | Learned a level 3 spell: Stone Arrow
  1718 | D:2      | Reached skill level 4 in Earth Magic
  1940 | D:2      | HP: 6/24 [giant cockroach (2)]
  2234 | D:2      | HP: 6/24 [poisoned by a kobold]
  2583 | D:2      | Reached XP level 4. HP: 27/30 MP: 4/8
  2679 | D:2      | Reached skill level 1 in Conjurations
  3620 | D:3      | Reached skill level 3 in Spellcasting
  3679 | D:3      | Found a basalt altar of Yredelemnul.
  3699 | D:3      | Noticed Grinder
  3955 | D:3      | Found a shadowy altar of Dithmenos.
  3955 | D:3      | Found a blossoming altar of Fedhas.
  4201 | D:3      | Reached XP level 5. HP: 29/35 MP: 0/9
  4560 | D:4      | Found Cotodiy's Armour Boutique.
  4563 | D:4      | Bought a +0 pair of gloves of strength for 126 gold pieces
  4598 | D:4      | Reached skill level 2 in Conjurations
  4647 | D:4      | Found a staircase to the Ecumenical Temple.
  4659 | Temple   | Entered the Ecumenical Temple
  4706 | Temple   | Became a worshipper of Cheibriados the Contemplative
  4842 | D:4      | Noticed a phantom
  4843 | D:4      | Found a deep blue altar of Sif Muna.
  4845 | D:4      | Found a stormy altar of Qazlal.
  4845 | D:4      | Found a bloodstained altar of Trog.
  4860 | D:4      | HP: 7/35 [phantom (8)]
  4861 | D:4      | HP: 3/35 [hound skeleton (2)]
  4862 | D:4      | Reached skill level 5 in Earth Magic
  4880 | D:4      | Killed a phantom
  4880 | D:4      | Reached XP level 6. HP: 23/41 MP: 0/11
  5258 | D:4      | HP: 8/41 [iguana (8)]
  5639 | D:4      | Reached skill level 3 in Conjurations
  5697 | D:4      | Found a hide-covered altar of Uskayaw.
  5697 | D:4      | Found an ancient bone altar of Kikubaaqudgha.
  5703 | D:4      | Found a white marble altar of Elyvilon.
  5742 | D:4      | Reached * piety under Cheibriados
  5893 | D:5      | Entered Level 5 of the Dungeon
  5912 | D:5      | Found a white marble altar of Elyvilon.
  6365 | D:5      | Reached skill level 4 in Spellcasting
  6365 | D:5      | Reached skill level 6 in Earth Magic
  6365 | D:5      | Reached XP level 7. HP: 29/46 MP: 8/13
  6367 | D:5      | HP: 11/46 [jackal (1)]
  6723 | D:5      | Reached skill level 4 in Conjurations
  6770 | D:5      | Reached ** piety under Cheibriados
  6993 | D:5      | Noticed Pikel
  7008 | D:5      | Reached skill level 7 in Earth Magic
  7008 | D:5      | Reached XP level 8. HP: 32/52 MP: 6/15
  7019 | D:5      | Killed Pikel
  7019 | D:5      | Reached skill level 5 in Spellcasting
  7019 | D:5      | Reached skill level 8 in Earth Magic
  7457 | D:5      | Noticed Duvessa
  7463 | D:5      | Killed Duvessa
  7464 | D:5      | Noticed Dowan
  7467 | D:5      | Killed Dowan
  7467 | D:5      | Reached skill level 6 in Spellcasting
  7481 | D:5      | Learned a level 5 spell: Lee's Rapid Deconstruction
  7898 | D:6      | Reached skill level 1 in Fighting
  7913 | D:6      | Reached skill level 9 in Earth Magic
  7913 | D:6      | Reached XP level 9. HP: 21/59 MP: 13/18
  8146 | D:6      | Reached skill level 2 in Fighting
  8146 | D:6      | Reached skill level 3 in Dodging
  8400 | D:6      | Reached *** piety under Cheibriados
  8700 | D:6      | Got jewelled fire dragon scales
  8792 | D:6      | Identified the +7 fire dragon scales of the Wumpus {*Contam rF++ rC- MR+ Str+4} (You found it on level 6 of the Dungeon)
  8941 | D:6      | Found an iron altar of Okawaru.
  9170 | D:7      | Reached skill level 3 in Fighting
  9174 | D:7      | Reached skill level 4 in Dodging
  9354 | D:7      | Found Kiessah's Gadget Emporium.
  9479 | D:7      | Reached skill level 10 in Earth Magic
  9498 | D:7      | Reached **** piety under Cheibriados
  9498 | D:7      | Reached skill level 4 in Fighting
  9668 | D:7      | Got a thick robe
  9675 | D:7      | Identified the +1 robe "Nurhoa" {rPois rC+ MP+9} (You found it on level 7 of the Dungeon)
 10145 | D:7      | Reached skill level 5 in Dodging
 10636 | D:8      | Gorglomux: ??scythe of cursed
 10636 | D:8      | beem: scythe of cursed ~ scythe of curses[1/3]: +13 scythe of draining which curses your equipment and inflicts necromancy miscasts on living targets it hits. Better than most bardiches!
 10636 | D:8      | Gorglomux: ??scythe of cursed[2
 10636 | D:8      | Gorglomux: ??scythe of curses[2
 10636 | D:8      | beem: scythe of cursed ~ scythe of curses[2/3]: Death has come for the toadstool...
 10636 | D:8      | beem: scythe of curses[2/3]: Death has come for the toadstool...
 10636 | D:8      | Gorglomux: ??scythe of curses[3
 10636 | D:8      | beem: scythe of curses[3/3]: "it hits like a bag of trucks" - ontoclasm
 10658 | D:8      | Gorglomux: meh
 10663 | D:8      | Reached XP level 10. HP: 70/73 MP: 6/19
 10708 | D:8      | Noticed a two-headed ogre
 10710 | D:8      | Reached skill level 5 in Fighting
 10712 | D:8      | Killed a two-headed ogre
 10712 | D:8      | Reached skill level 11 in Earth Magic
 10926 | D:8      | Found Tan Guan's Antique Weapon Shoppe.
 10966 | D:8      | Reached skill level 1 in Polearms
 11055 | D:8      | Noticed a two-headed ogre
 11057 | D:8      | Killed a two-headed ogre
 11057 | D:8      | Reached skill level 6 in Fighting
 11057 | D:8      | Reached skill level 2 in Polearms
 11057 | D:8      | Reached skill level 6 in Dodging
 11076 | D:8      | Found a hazy altar of Hepliaklqana.
 11082 | D:8      | You fall through a shaft for 3 floors!
 11091 | D:11     | Found a staircase to the Lair.
 11180 | D:11     | Reached skill level 3 in Polearms
 11295 | D:11     | Reached skill level 4 in Polearms
 11409 | D:10     | Entered Level 10 of the Dungeon
 11409 | D:10     | Noticed Urug
 11417 | D:10     | Killed Urug
 11417 | D:10     | Reached skill level 7 in Spellcasting
 11417 | D:10     | Reached skill level 1 in Invocations
 11417 | D:10     | Reached XP level 11. HP: 64/83 MP: 5/21
 11485 | D:10     | Reached skill level 7 in Fighting
 11485 | D:10     | Reached skill level 2 in Invocations
 11490 | D:10     | Reached ***** piety under Cheibriados
 11528 | D:10     | Noticed a deep elf mage
 11531 | D:10     | Killed a deep elf mage
 11531 | D:10     | Reached skill level 5 in Polearms
 11662 | D:10     | Reached skill level 3 in Invocations
 11804 | D:9      | Found a staircase to the Orcish Mines.
 11893 | D:9      | Found a roughly hewn altar of Beogh.
 11896 | D:9      | Reached skill level 7 in Dodging
 12206 | D:9      | Noticed a two-headed ogre
 12208 | D:9      | Killed a two-headed ogre
 12377 | D:9      | Got an ichor-stained leather armour
 12574 | D:9      | Noticed a two-headed ogre
 12577 | D:9      | Killed a two-headed ogre
 12577 | D:9      | Reached skill level 6 in Polearms
 12832 | D:10     | Noticed Snorg
 12835 | D:10     | Reached skill level 4 in Invocations
 12845 | D:9      | HP: 21/85 [Snorg (3)]
 12848 | D:9      | Killed Snorg
 13144 | D:10     | Noticed Erica
 13157 | D:10     | Killed Erica
 13393 | D:10     | Noticed a two-headed ogre
 13395 | D:10     | Killed a two-headed ogre
 13395 | D:10     | Reached skill level 8 in Fighting
 13395 | D:10     | Reached skill level 8 in Spellcasting
 13395 | D:10     | Reached XP level 12. HP: 92/92 MP: 14/24
 13406 | D:10     | Reached skill level 5 in Invocations
 13775 | D:11     | Learned a level 4 spell: Summon Ice Beast
 13994 | D:12     | Found an ancient bone altar of Kikubaaqudgha.
 14103 | D:12     | Reached skill level 7 in Polearms
 14107 | D:12     | Reached skill level 1 in Ice Magic
 14108 | D:12     | Reached skill level 1 in Summonings
 14268 | D:12     | Reached ****** piety under Cheibriados
 14272 | D:12     | Reached skill level 2 in Summonings
 14362 | D:12     | Reached skill level 8 in Dodging
 14367 | D:12     | Reached skill level 2 in Ice Magic
 14496 | D:12     | Reached skill level 6 in Invocations
 14502 | D:12     | Reached skill level 3 in Summonings
 14822 | Temple   | Fell from the grace of Cheibriados
 14822 | Temple   | Became a worshipper of Ashenzari the Shackled
 14914 | D:4      | Gorglomux: heya
 14914 | D:4      | krfreak: o/
 14914 | D:4      | Gorglomux: i have to warn you that im lagging as hell
 14914 | D:4      | krfreak: I'm at work anyways :D
 14914 | D:4      | Gorglomux: and i may disconnect/do nothing for a while because of this
 15166 | Lair:1   | Entered Level 1 of the Lair of Beasts
 15233 | Lair:1   | Reached skill level 3 in Ice Magic
 15279 | Lair:1   | Reached skill level 8 in Polearms
 15424 | Lair:1   | Noticed Sonja
 15434 | Lair:1   | Killed Sonja
 15434 | Lair:1   | Reached skill level 9 in Fighting
 15640 | Lair:1   | Identified the +5 spear "Impbane" {pierce, Str+4}
 15673 | Lair:1   | Identified the cursed +0 leather armour of Wuaxutz {Dex+3} (You found it on level 9 of the Dungeon)
 15756 | Lair:1   | Gorglomux: rahh the laggs
 15764 | Lair:1   | Reached * piety under Ashenzari
 16083 | Lair:2   | krfreak: Is this server the nearest one to you?
 16083 | Lair:2   | Reached skill level 4 in Ice Magic
 16084 | Lair:2   | Gorglomux: yeah but im in my highchool network
 16084 | Lair:2   | krfreak: Ah
 16084 | Lair:2   | Gorglomux: and he is BAD
 16085 | Lair:2   | Reached skill level 4 in Summonings
 16093 | Lair:2   | Gorglomux: in fact i can download things quite quickly, but webtiles lags
 16243 | Lair:2   | Found a hole to the Spider Nest.
 16289 | Lair:2   | Gained mutation: You can hop longer distances. [Barachi growth]
 16289 | Lair:2   | Reached XP level 13. HP: 83/101 MP: 6/25
 16335 | Lair:2   | Reached skill level 9 in Polearms
 16658 | Lair:2   | Reached skill level 5 in Summonings
 16658 | Lair:2   | Reached skill level 5 in Ice Magic
 16659 | Lair:2   | Gorglomux: woo the damages
 16659 | Lair:2   | Gorglomux: @?catoblepas
 16659 | Lair:2   | beem: catoblepas (Y)
                  | Spd:
    10 | HD: 14   | HP: 61-91
                  | AC/EV: 10/2
                  | Dam: 36
                  | Res: magic(100)
                  | XP: 937
                  | Sp: petrifying cloud (2d6) [!AM, !sil]
                  | Sz: Big
                  | Int: animal.
 16901 | Lair:2   | Reached skill level 9 in Dodging
 17823 | Lair:3   | Reached ** piety under Ashenzari
 17852 | Lair:3   | Gorglomux: ??chei wrath
 17852 | Lair:3   | beem: cheibriados wrath[1/4]: ABANDONMENT: 25 penance. RETRIBUTION: Increases your movement delay by 10, as if you had max piety. Also Cheibriados will act based on tension. From lowest to highest: curse item, time step, slow+exhaust, sleep, random miscast.
 17852 | Lair:3   | Gorglomux: ??chei wrath[2
 17852 | Lair:3   | beem: cheibriados wrath[2/4]: If tension is high (i.e. many enemies nearby, or dangerous ones relative to your level), the wrath is more severe. If there are fewer enemies, it is less severe. This is only checked at the start of the wrath, so you may discover yourself in a bad situation when you awaken.
 17852 | Lair:3   | Gorglomux: ??chei wrath[3
 17852 | Lair:3   | Gorglomux: ??chei wrath[4
 17852 | Lair:3   | beem: cheibriados wrath[3/4]: _You feel the world leave you behind. You fall asleep! An Angel comes into view. Ashenzari warns you: it is wielding a eudemon blade of holy wrath. The Angel hits you with an eudemon blade of holy wrath! You die...
 17852 | Lair:3   | beem: cheibriados wrath[4/4]: chei wrath is probably less harmful than following chei
 18330 | Lair:3   | Found a staircase to the Swamp.
 18879 | Lair:4   | Gorglomux: c'mon chei, chill a little bit
 18964 | Lair:4   | Reached skill level 10 in Fighting
 18964 | Lair:4   | Reached skill level 6 in Ice Magic
 19129 | Lair:4   | Reached skill level 10 in Polearms
 19129 | Lair:4   | Reached skill level 6 in Summonings
 19333 | Lair:4   | Reached *** piety under Ashenzari
 19446 | Lair:4   | Reached skill level 1 in Armour
 19497 | Lair:4   | Gorglomux: spectral weapon wont work no?
 19497 | Lair:4   | Gorglomux: otherwise that would be great
 19497 | Lair:4   | Gorglomux: but i don't think so
 19892 | Lair:5   | Reached skill level 2 in Armour
 19932 | Lair:5   | Identified the +6 leather armour "Helutz" {Str+5 Int+3 Dex+2}
 20105 | Lair:5   | Was forgiven by Cheibriados
 20106 | Lair:5   | Gorglomux: yay go in hell chei
 20239 | Lair:5   | Reached **** piety under Ashenzari
 20263 | Lair:5   | Gorglomux: ??polearm
 20263 | Lair:5   | beem: polearms[1/1]: (acc,dam,delay,mindelay) [hands]: spear (+4/6/1.1/0.5), trident (+1/9/1.3/0.6), demon trident (+1/12/1.3/0.6), trishula (+0/13/1.3/0.6), halberd (-3/13/1.5/0.7) [2], scythe (-4/14/2.0/0.7) [2], glaive (-3/15/1.7/0.7) [2], bardiche (-6/18/2.0/0.7) [2]. All polearms have {reaching}.
 20263 | Lair:5   | Gorglomux: ??scythe
 20263 | Lair:5   | beem: scythe[1/2]: (polearms; -4 acc / 14 dam / 2.0 base delay / 0.7 min delay; two handed). The weapon of choice of Sigmund and reapers. It's not worth picking up (unless it happens to be the {scythe of curses}). Scythes chop hydra heads.
 20263 | Lair:5   | Gorglomux: ??scythe[2
 20263 | Lair:5   | beem: scythe[2/2]: Edmund says, "A flail is better than a scythe, any day of the week!"
 20269 | Lair:5   | Reached skill level 7 in Ice Magic
 20269 | Lair:5   | Reached XP level 14. HP: 111/111 MP: 10/26
 20595 | Lair:5   | Reached skill level 3 in Armour
 20809 | Lair:6   | Entered Level 6 of the Lair of Beasts
 20810 | Lair:6   | Found a staircase to the Slime Pits.
 20873 | Lair:6   | Reached skill level 10 in Dodging
 20979 | Lair:6   | Learned a level 3 spell: Lesser Beckoning
 21171 | Lair:6   | Reached skill level 7 in Summonings
 21173 | Lair:6   | Reached skill level 1 in Evocations
 21433 | Lair:6   | Learned a level 6 spell: Freezing Cloud
 21470 | Lair:6   | Reached skill level 2 in Evocations
 21478 | Lair:6   | HP: 27/111 [poisoned by a swamp dragon (poison gas)]
 21483 | Lair:6   | HP: 24/111 [poisoned by a swamp dragon (poison gas)]
 21488 | Lair:6   | HP: 24/111 [poisoned by a swamp dragon (poison gas)]
 21494 | Lair:6   | HP: 24/111 [poisoned by a swamp dragon (poison gas)]
 22115 | Lair:6   | Gorglomux: !aoot ba
 22115 | Lair:6   | Gorglomux: !apt ba
 22115 | Lair:6   | beem: Ba: Fighting: 2, Short: 1, Long: 2!, Axes: 1, Maces: 1, Polearms: 0, Staves: 1, Slings: 0, Bows: 0, Xbows: 0, Throw: 0, Armour: 2!, Dodge: 1, Stealth: 0, Shields: 1, UC: 1!, Splcast: 0, Conj: 1, Hexes: 1, Charms: 1, Summ: 2!, Nec: -1, Tloc: 1, Tmut: 1, Fire: 1, Ice: 2!, Air: 1, Earth: 0, Poison: 1, Inv: -1*, Evo: 1, Exp: 0, HP: 0, MP: 0
 22237 | Lair:6   | Reached skill level 1 in Air Magic
 22260 | Lair:6   | Reached skill level 1 in Translocations
 22553 | Lair:6   | Reached skill level 11 in Polearms
 22574 | Lair:6   | Reached skill level 2 in Air Magic
 22579 | Lair:6   | Reached skill level 4 in Armour
 22906 | Lair:6   | Reached skill level 2 in Translocations
 23632 | D:13     | Reached skill level 11 in Fighting
 23721 | D:13     | Reached ***** piety under Ashenzari
 23857 | D:13     | Reached skill level 8 in Ice Magic
 23928 | D:13     | Reached skill level 3 in Air Magic
 23941 | D:13     | Found a runed gate.
 23941 | D:13     | Found a runed gate.
 23941 | D:13     | Found a runed gate.
 23946 | D:13     | Reached skill level 3 in Evocations
 23954 | D:13     | Noticed a sphinx
 23982 | D:13     | Killed a sphinx
 24019 | D:13     | Found a runed gate.
 24019 | D:13     | Found a runed gate.
 24019 | D:13     | Found a runed gate.
 24021 | D:13     | Identified Sif Muna's Guide on the Congealing Entourage
 24033 | D:13     | Gorglomux: ??finisher
 24033 | D:13     | beem: finisher[1/1]: The +5 scythe "Finisher" {speed, Str+3}.
 24080 | D:13     | Reached skill level 5 in Conjurations
 24117 | D:13     | Reached skill level 4 in Air Magic
 24121 | D:13     | Reached XP level 15. HP: 54/119 MP: 12/27
 24404 | D:13     | Reached skill level 3 in Translocations
 24500 | D:13     | Found a glowing golden altar of the Shining One.
 24544 | D:13     | Reached skill level 8 in Summonings
 24789 | D:13     | Found a gate to the Vaults.
 24793 | D:13     | Reached skill level 4 in Evocations
 25201 | D:14     | Found a shadowy altar of Dithmenos.
 25209 | D:14     | Reached skill level 5 in Armour
 25266 | D:14     | Found a frozen archway.
 25340 | IceCv    | Entered an ice cave
 25352 | IceCv    | Reached skill level 5 in Air Magic
 25968 | IceCv    | Identified the ring of Divine Compulsion {MR+ Int+4}
 25980 | IceCv    | Identified the Handbook of Confrontation
 26232 | D:14     | Reached skill level 12 in Polearms
 26309 | D:14     | Found a portal to a secret trove of treasure.
 26665 | D:14     | Reached skill level 9 in Ice Magic
 26790 | D:14     | Found an ornate altar of the Wu Jian Council.
 26802 | D:14     | Found a shadowy altar of Dithmenos.
 26820 | D:14     | Found a runed door.
 26829 | D:14     | Found a deep blue altar of Sif Muna.
 26832 | D:14     | Found a burning altar of Makhleb.
 26869 | D:14     | Found a stormy altar of Qazlal.
 26871 | D:14     | Reached skill level 6 in Conjurations
 26922 | D:14     | Found a sacrificial altar of Ru.
 27124 | D:14     | Identified the +1 robe of the Poles {rPois rF+ rC+ Int+2}
 27179 | D:15     | Entered Level 15 of the Dungeon
 27179 | D:15     | Found Loyroledgh's Elemental Accessories.
 27371 | D:14     | Reached skill level 6 in Air Magic
 28228 | D:15     | Reached skill level 5 in Evocations
 28234 | D:15     | HP: 18/119 [crystal guardian/crystal bolt (28)]
 28642 | D:15     | Reached skill level 10 in Ice Magic
 28742 | D:14     | Reached skill level 6 in Armour
 29051 | D:15     | Reached XP level 16. HP: 122/122 MP: 28/28
 29065 | D:15     | Reached skill level 7 in Air Magic
 29105 | D:15     | Found a staircase to the Depths.
 29648 | D:15     | Learned a level 7 spell: Orb of Destruction
 29826 | D:12     | Noticed nikopol's ghost (journeyman MiBe)
 29838 | D:12     | Killed nikopol's ghost
 29991 | Orc:1    | Entered Level 1 of the Orcish Mines
 30283 | Orc:1    | Found a shimmering altar of Xom.
 30342 | Orc:1    | Reached skill level 8 in Air Magic
 30402 | Orc:1    | Found Xonnuwot's Jewellery Shoppe.
 30532 | Orc:1    | Reached skill level 11 in Ice Magic
 30711 | Orc:2    | Entered Level 2 of the Orcish Mines
 30711 | Orc:2    | Found a staircase to the Elven Halls.
 30766 | Orc:2    | Reached ****** piety under Ashenzari
 30788 | Orc:2    | Reached skill level 13 in Polearms
 30900 | Orc:2    | Found Cich's Food Boutique.
 30910 | Orc:2    | Reached skill level 7 in Armour
 30913 | Orc:2    | Found Lyuweufi's Distillery.
 30920 | Orc:2    | Reached skill level 7 in Conjurations
 31684 | Orc:2    | Found Onturch's Antique Weapon Shoppe.
 31684 | Orc:2    | Found a one-way gate leading to the halls of Pandemonium.
 31684 | Orc:2    | Found Far Taeb's Gadget Emporium.
 31684 | Orc:2    | Noticed galech's ghost (journeyman TrMo)
 31707 | Orc:2    | Bought a lamp of fire for 440 gold pieces
 31842 | Orc:2    | Bought 2 potions of heal wounds for 140 gold pieces
 31842 | Orc:2    | Bought a potion of agility for 56 gold pieces
 31842 | Orc:2    | Bought a potion of agility for 56 gold pieces
 31842 | Orc:2    | Bought a potion of might for 56 gold pieces
 31842 | Orc:2    | Bought a potion of haste for 140 gold pieces
 31892 | Orc:2    | Killed galech's ghost
 32322 | Orc:2    | Reached skill level 9 in Air Magic
 32458 | Orc:2    | Reached skill level 12 in Ice Magic
 32592 | Orc:2    | Noticed Donald
 32601 | Orc:2    | Killed Donald
 33240 | Spider:1 | Entered Level 1 of the Spider Nest
 33746 | Lair:6   | Gained mutation: You expend magic power (3 MP) to strengthen your wands. [mutagenic glow]
 35071 | Spider:1 | Noticed Kirke
 35078 | Spider:1 | Killed Kirke
 35078 | Spider:1 | Reached XP level 17. HP: 128/128 MP: 7/29
 35545 | Spider:2 | Reached skill level 8 in Conjurations
 35563 | Spider:2 | Noticed Azrael
 35574 | Spider:1 | Reached skill level 10 in Air Magic
 35583 | Spider:1 | HP: 47/192 [redback (7)]
 35587 | Spider:1 | HP: 23/128 [redback (2)]
 35921 | Spider:2 | Killed Azrael
 35930 | Spider:2 | Reached skill level 13 in Ice Magic
 36121 | Spider:2 | Reached skill level 14 in Polearms
 36787 | Spider:2 | Got the uncursed robe "Vacegh" {SInv}
 37512 | Spider:3 | HP: 22/128 [wolf spider (14)]
 38126 | Spider:3 | HP: 30/128 [demonic crawler (5)]
 38191 | Spider:3 | HP: 48/192 [poisoned by a redback]
 38196 | Spider:3 | HP: 36/192 [poisoned by a redback]
 38201 | Spider:3 | HP: 27/192 [poisoned by a redback]
 38206 | Spider:3 | HP: 22/192 [poisoned by a redback]
 38211 | Spider:3 | HP: 19/192 [poisoned by a redback]
 38216 | Spider:3 | HP: 18/192 [poisoned by a redback]
 38222 | Spider:3 | HP: 17/192 [poisoned by a redback]
 38228 | Spider:3 | HP: 11/128 [poisoned by a redback]
 38236 | Spider:3 | HP: 12/128 [poisoned by a redback]
 38727 | Spider:3 | Noticed Arachne
 38734 | Spider:3 | HP: 27/128 [Arachne/staff of poison (18)]
 38735 | Spider:3 | HP: 13/128 [wolf spider (1)]
 39083 | Spider:3 | Reached skill level 14 in Ice Magic
 39565 | Spider:3 | Reached skill level 9 in Conjurations
 39819 | Spider:3 | Gorglomux: ??kill
 39819 | Spider:3 | beem: kill ~ skills[1/1]: Here is how you train skills. First you train the skills that you use to kill dudes. Once you are killing dudes well enough, then you train the skills you use to not die to dudes. If you later run into problems killing dudes, you switch back to killdudes skills.
 39841 | Spider:3 | Killed Arachne
 40017 | Spider:3 | HP: 29/131 [wolf spider (9)]
 40017 | Spider:3 | HP: 2/131 [wolf spider (13)]
 40946 | Spider:4 | Entered Level 4 of the Spider Nest
 40958 | Spider:4 | Reached skill level 15 in Polearms
 41023 | Spider:4 | Reached skill level 9 in Spellcasting
 41447 | Spider:4 | Paralysed by a hornet for 2 turns
 41671 | Spider:4 | Reached skill level 15 in Ice Magic
 41707 | Spider:4 | Gorglomux: !hs * baee !experimental
 41707 | Spider:4 | beem: 31. ktulu8bugs the Eclecticist (L25 BaEE of Ashenzari), slain by a spark wasp on Depths:1 on 2017-03-22 19:55:07, with 516283 points after 77109 turns and 6:08:39.
 41766 | Spider:4 | Reached XP level 18. HP: 110/138 MP: 17/31
 41866 | Spider:4 | Gorglomux: !lm Raine357
 41866 | Spider:4 | beem: 2996. [2017-03-29 02:44:48] Raine357 the Wrestler (L27 TrCK of Xom) left the Realm of Zot on turn 61161. (Zot:1)
 43000 | Spider:4 | Reached skill level 10 in Conjurations
 43281 | Spider:4 | Got the cursed leather armour "Agurr" {MR+}
 43297 | Spider:4 | Got a gossamer rune of Zot
 43643 | Swamp:1  | Entered Level 1 of the Swamp
 43727 | Swamp:1  | Paralysed by a hornet for 2 turns
 44293 | Swamp:1  | Reached skill level 10 in Spellcasting
 44842 | Swamp:1  | Identified the +10 rapier "Ekyog" {protect, +Inv rN+}
 45378 | Swamp:2  | Reached skill level 16 in Ice Magic
 45776 | Swamp:2  | Reached skill level 16 in Polearms
 46717 | Swamp:3  | Noticed Aizul
 46726 | Swamp:3  | Killed Aizul
 46925 | Swamp:3  | Noticed Zenonira's ghost (adept FoFi)
 46940 | Swamp:3  | Killed Zenonira's ghost
 47567 | Swamp:4  | Entered Level 4 of the Swamp
 47623 | Swamp:4  | Reached skill level 8 in Armour
 47733 | Swamp:4  | Reached skill level 11 in Conjurations
 47950 | Swamp:4  | HP: 32/138 [eight-headed hydra (5)]
 47956 | Swamp:4  | Reached XP level 19. HP: 31/144 MP: 3/33
 48427 | Swamp:4  | Noticed the 27-headed Lernaean hydra
 48563 | Swamp:4  | Lost mutation: You expend magic power (3 MP) to strengthen your wands. [potion of mutation]
 48563 | Swamp:4  | Gained mutation: Your spells are a little harder to cast, but a little more powerful. [potion of mutation]
 48563 | Swamp:4  | Gained mutation: Your flesh is heat resistant. (rF+) [potion of mutation]
 48566 | Swamp:4  | Killed the 27-headed Lernaean hydra
 48566 | Swamp:4  | Reached skill level 11 in Dodging
 49290 | Swamp:4  | Got a decaying rune of Zot
 49927 | Vaults:1 | Entered Level 1 of the Vaults
 49935 | Vaults:1 | Reached skill level 11 in Spellcasting
 50446 | Vaults:1 | Reached skill level 12 in Fighting
 50512 | Vaults:1 | Reached skill level 9 in Armour
 50529 | Vaults:1 | HP: 50/219 [deep troll[an ironheart preserver] (8)]
 50540 | Vaults:1 | HP: 20/146 [ironbrand convoker/enchanted morningstar (5)]
 50547 | Vaults:1 | HP: 15/146 [centaur warrior (9)]
 51424 | D:13     | HP: 36/146 [skeletal warrior/glaive[a skeletal warrior] (7)]
 51427 | D:13     | Mangled by a skeletal warrior

Vault maps used:
D:1:      ldierk_walled_garden, serial_forest, infiniplex_forest_clump_curved,
          infiniplex_forest_pool, infiniplex_forest_clump_diagonal,
          infiniplex_forest_corner_1, infiniplex_forest_end_1,
          infiniplex_forest_lined_ring, infiniplex_forest_lined_2,
          hangedman_abyss_or_decor_stabs
D:3:      gammafunk_temple_overflow_wave, old_standard_altar, serial_aquarium,
          aquarium_bridge_square, aquarium_bridge_long_separate,
          aquarium_window_2, aquarium_window_1, aquarium_window_1,
          aquarium_view_2f, aquarium_pool_1, uniq_grinder
D:4:      grunt_temple_overflow_open, minitemple,
          minmay_temple_entry_glassed_door, serial_shops,
          nicolae_shop_behind_doors
D:5:      first_bread, elyvilon_altar_4, uniq_pikel, uniq_duvessa
D:6:      kennysheep_mini, serial_co_window_serial, co_window_paths_b,
          co_window_paths_a, co_window_corner_a, co_window_corner_a,
          co_window_corner_a, co_window_2corner, co_window_corner_ca,
          co_window_unsneaky_path_e, co_window_of_opportunity_b,
          co_window_of_opportunity_b, co_window_broadway_a, co_window_paths_e
D:7:      serial_shops, shop, hangedman_misty_isle
D:8:      lemuel_doored_altar, serial_shops, shop_fountains
D:9:      minmay_orc_entry_temple_small
D:10:     enter_bailey_3, hangedman_stone_soup, uniq_snorg, uniq_urug,
          uniq_erica
D:11:     lair_entry_dummy
D:12:     basic_altar, mrwooster_statue_mirror, evilmike_butchery
D:13:     kennysheep_treasure_stockpile, grunt_vaults_entry_tiered, basic_altar
D:14:     due_megacathedral, nicolae_trove_entry_columns,
          portal_ice_cave_entry_pillars_2, minmay_hedge_maze,
          grunt_dithmenos_smoke_and_mirrors
D:15:     gammafunk_depths_entry_grave, serial_park_gazebo, minivault_15,
          minmay_misc_feat_four_crosses, spider_trap, nicolae_elemental_shop
Temple:   bh_familiar_temple
Lair:1:   uniq_sonja
Lair:2:   nicolae_spider_entry_tight_spaces, minivault_19, grunt_megastairs_3
Lair:3:   nicolae_swamp_entry_splash_gauntlet
Lair:5:   serial_bayou_shore_a
Lair:6:   guppyfry_lair_end_dragon, hangedman_lair_caniforms_friends,
          nicolae_slime_entry_slimehenge, infiniplex_staircase_pool_2,
          minmay_lair_oklob_chamber
Swamp:1:  hangedman_swamp_ruin_wall, swamp_pool4, infiniplex_staircase_pool
Swamp:2:  hangedman_swamp_ruin_hall
Swamp:3:  evilmike_swamp_ruin_house_2, uniq_aizul
Swamp:4:  swamp_old_school, swamp_pool1, nicolae_swamp_round_clearing
Spider:1: uniq_kirke
Spider:2: uniq_azrael
Spider:3: nicolae_arachne_temple
Spider:4: grunt_spider_rune_parallel, spider_trap, uniq_arachne
Orc:1:    serial_shops, shop, basic_altar, nicolae_orc_bridge_out
Orc:2:    pf_orc_diabolical, nicolae_orc_sculptors_studio, uniq_donald
Vaults:1: nicolae_vaults_triangles, v_alt_pattern_3,
          vaults_room_grunt_arrival_ludios, nicolae_vaults_diagonal_hallway_6,
          v_alt_pattern_5, v_misc_32, st_star, v_misc_25, ontoclasm_vaults_spin,
          v_alt_pattern_6
IceCv:    ice_cave_statue_garden_chambered

Skill      XL: |  1  2  3  4  5  6  7  8  9 10 11 12 13 14 15 16 17 18 19 |
---------------+----------------------------------------------------------+-----
Earth Magic    | 4 5 6 7 9 10 11 | 11.1
Conjurations   | 1 2 3 4 5 6 7 9 11 | 11.6
Spellcasting   | 3 4 6 7 8 9 10 11 | 11.3
Fighting       | 1 4 6 8 9 10 11 12 | 12.3
Dodging        | 5 6 7 8 9 10 11 | 11.6
Polearms       | 4 6 8 10 11 12 13 15 16 | 16.2
Invocations    | 1 4 6 |  6.1
Ice Magic      | 4 7 8 10 12 15 16 | 16.7
Summonings     | 4 6 7 8 |  8.4
Armour         | 2 4 6 7 8 9 |  9.2
Evocations     | 3 5 |  5.6
Air Magic      | 4 6 9 10 | 10.4
Translocations | 2 3 |  3.6
Stealth        | |  1.7
Transmutations | |  1.1

Action                   |  1- 3 |  4- 6 |  7- 9 | 10-12 | 13-15 | 16-18 | 19-21 || total
-------------------------+-------+-------+-------+-------+-------+-------+-------++-------
Melee: Club              |    11 |       |       |       |       |       |       ||    11
       Mace              |   115 |    22 |       |       |       |       |       ||   137
       Short sword       |       |    39 |    11 |       |       |       |       ||    50
       Hand axe          |       |       |    98 |       |       |       |       ||    98
       Scythe            |       |       |       |   159 |   721 |  1139 |   155 ||  2174
 Fire: Shortbow          |       |       |     1 |       |       |       |       ||     1
Throw: Stone             |     1 |       |       |       |     3 |    61 |     3 ||    68
       Javelin           |       |    23 |     4 |     4 |    33 |       |       ||    64
 Cast: Sandblast         |    17 |    43 |    29 |     8 |     6 |     7 |     2 ||   112
       Stone Arrow       |     3 |    42 |    51 |   116 |   142 |   167 |     7 ||   528
       Lee's Rapid Decon |       |       |     1 |    25 |    47 |    54 |       ||   127
       Summon Ice Beast  |       |       |       |       |    16 |    50 |     9 ||    75
       Lesser Beckoning  |       |       |       |       |     2 |     9 |       ||    11
       Freezing Cloud    |       |       |       |       |       |    50 |    13 ||    63
       Orb of Destructio |       |       |       |       |       |     1 |     4 ||     5
Invok: Scrying           |       |       |       |       |       |     4 |       ||     4
 Abil: Hop               |     1 |     1 |       |     3 |     7 |    12 |     4 ||    28
       Evoke Berserk Rag |       |       |       |       |    13 |    13 |     2 ||    28
Evoke: Wand              |       |       |       |     5 |       |     2 |     5 ||    12
       Phial of floods   |       |       |       |       |       |       |     2 ||     2
       Fan of gales      |       |       |       |       |       |       |     1 ||     1
       Lamp of fire      |       |       |       |       |       |       |     1 ||     1
       Crystal ball of e |       |       |       |       |       |       |     1 ||     1
  Use: Scroll            |       |     5 |     3 |    11 |    12 |    14 |     2 ||    47
       Potion            |       |     1 |     1 |     1 |       |     5 |     2 ||    10
 Stab: Sleeping          |     3 |     4 |     2 |       |       |       |       ||     9
       Distracted        |       |       |       |     1 |     3 |     4 |       ||     8
       Confused          |       |       |       |       |       |     1 |       ||     1
  Eat: Chunk             |     7 |    15 |     7 |    12 |    58 |    60 |     9 ||   168
       Bread ration      |       |       |       |     2 |     1 |     4 |       ||     7
       Royal jelly       |       |       |       |       |     7 |    15 |     5 ||    27
       Fruit             |       |       |       |       |       |     6 |       ||     6
Armor: Robe              |    35 |    24 |    17 |       |       |       |       ||    76
       Fire dragon scale |       |       |    48 |   102 |   376 |   123 |       ||   649
       Swamp dragon scal |       |       |       |       |       |   299 |    58 ||   357
Dodge: Dodged            |   143 |   102 |   118 |   220 |   589 |   946 |   149 ||  2267
       Deflected         |       |       |     9 |    22 |    24 |    55 |    16 ||   126

Vault maps used:
D:1:      ldierk_walled_garden, serial_forest, infiniplex_forest_clump_curved,
          infiniplex_forest_pool, infiniplex_forest_clump_diagonal,
          infiniplex_forest_corner_1, infiniplex_forest_end_1,
          infiniplex_forest_lined_ring, infiniplex_forest_lined_2,
          hangedman_abyss_or_decor_stabs
D:3:      gammafunk_temple_overflow_wave, old_standard_altar, serial_aquarium,
          aquarium_bridge_square, aquarium_bridge_long_separate,
          aquarium_window_2, aquarium_window_1, aquarium_window_1,
          aquarium_view_2f, aquarium_pool_1, uniq_grinder
D:4:      grunt_temple_overflow_open, minitemple,
          minmay_temple_entry_glassed_door, serial_shops,
          nicolae_shop_behind_doors
D:5:      first_bread, elyvilon_altar_4, uniq_pikel, uniq_duvessa
D:6:      kennysheep_mini, serial_co_window_serial, co_window_paths_b,
          co_window_paths_a, co_window_corner_a, co_window_corner_a,
          co_window_corner_a, co_window_2corner, co_window_corner_ca,
          co_window_unsneaky_path_e, co_window_of_opportunity_b,
          co_window_of_opportunity_b, co_window_broadway_a, co_window_paths_e
D:7:      serial_shops, shop, hangedman_misty_isle
D:8:      lemuel_doored_altar, serial_shops, shop_fountains
D:9:      minmay_orc_entry_temple_small
D:10:     enter_bailey_3, hangedman_stone_soup, uniq_snorg, uniq_urug,
          uniq_erica
D:11:     lair_entry_dummy
D:12:     basic_altar, mrwooster_statue_mirror, evilmike_butchery
D:13:     kennysheep_treasure_stockpile, grunt_vaults_entry_tiered, basic_altar
D:14:     due_megacathedral, nicolae_trove_entry_columns,
          portal_ice_cave_entry_pillars_2, minmay_hedge_maze,
          grunt_dithmenos_smoke_and_mirrors
D:15:     gammafunk_depths_entry_grave, serial_park_gazebo, minivault_15,
          minmay_misc_feat_four_crosses, spider_trap, nicolae_elemental_shop
Temple:   bh_familiar_temple
Lair:1:   uniq_sonja
Lair:2:   nicolae_spider_entry_tight_spaces, minivault_19, grunt_megastairs_3
Lair:3:   nicolae_swamp_entry_splash_gauntlet
Lair:5:   serial_bayou_shore_a
Lair:6:   guppyfry_lair_end_dragon, hangedman_lair_caniforms_friends,
          nicolae_slime_entry_slimehenge, infiniplex_staircase_pool_2,
          minmay_lair_oklob_chamber
Swamp:1:  hangedman_swamp_ruin_wall, swamp_pool4, infiniplex_staircase_pool
Swamp:2:  hangedman_swamp_ruin_hall
Swamp:3:  evilmike_swamp_ruin_house_2, uniq_aizul
Swamp:4:  swamp_old_school, swamp_pool1, nicolae_swamp_round_clearing
Spider:1: uniq_kirke
Spider:2: uniq_azrael
Spider:3: nicolae_arachne_temple
Spider:4: grunt_spider_rune_parallel, spider_trap, uniq_arachne
Orc:1:    serial_shops, shop, basic_altar, nicolae_orc_bridge_out
Orc:2:    pf_orc_diabolical, nicolae_orc_sculptors_studio, uniq_donald
Vaults:1: nicolae_vaults_triangles, v_alt_pattern_3,
          vaults_room_grunt_arrival_ludios, nicolae_vaults_diagonal_hallway_6,
          v_alt_pattern_5, v_misc_32, st_star, v_misc_25, ontoclasm_vaults_spin,
          v_alt_pattern_6
IceCv:    ice_cave_statue_garden_chambered

Table legend:
 A = Turns spent in this place as a percentage of turns spent in the entire game.
 B = Non-inter-level travel turns spent in this place as a percentage of non-inter-level travel turns spent in the entire game.
 C = Inter-level travel turns spent in this place as a percentage of turns spent in this place.
 D = Turns resting spent in this place as a percentage of non-inter-level travel turns spent in this place.
 E = Turns spent auto-exploring this place as a percentage of non-inter-level travel turns spent in this place.
 F = Non-inter-level travel turns spent in this place divided by the number of levels of this place that you've seen.
                   A       B       C       D       E      F
               +-------+-------+-------+-------+-------+----------------------
         Total | 100.0 | 100.0 |   0.6 |   6.3 |   6.2 | 404.3
       Dungeon |  41.0 |  41.0 |   0.6 |   5.6 |   7.3 | 375.5
        Temple |   0.3 |   0.3 |  11.4 |   0.0 |  17.9 |  39.0
          Lair |  16.2 |  16.2 |   0.6 |   5.7 |   6.6 | 370.2
         Swamp |  12.6 |  12.6 |   0.6 |   6.5 |   6.5 | 432.2
   Spider Nest |  20.2 |  20.2 |   0.4 |   7.6 |   3.5 | 695.0
  Orcish Mines |   7.1 |   7.2 |   0.3 |   6.7 |   6.8 | 492.5
        Vaults |   1.6 |   1.6 |   0.0 |   8.6 |   4.1 | 222.0
      Ice Cave |   1.0 |   1.0 |   0.0 |   9.5 |   0.0 | 137.0
               +-------+-------+-------+-------+-------+----------------------

Table legend:
 A = Kills in this place as a percentage of kills in entire the game.
 B = Kills by you in this place as a percentage of kills by you in the entire game.
 C = Kills by friends in this place as a percentage of kills by friends in the entire game.
 D = Other kills in this place as a percentage of other kills in the entire game.
 E = Experience gained in this place as a percentage of experience gained in the entire game.
 F = Experience gained in this place divided by the number of levels of this place that you have seen.
                   A       B       C       D       E      F
               +-------+-------+-------+-------+-------+----------------------
         Total | 100.0 | 100.0 | 100.0 | 100.0 | 100.0 | 10806.4
       Dungeon |  37.9 |  39.9 |  16.5 |   0.0 |  26.8 | 6557.5
          Lair |  16.9 |  16.4 |  22.6 |   0.0 |  13.5 | 8242.2
         Swamp |  11.5 |  11.2 |  13.9 | 100.0 |  18.1 | 16636.8
   Spider Nest |  19.5 |  18.2 |  33.9 |   0.0 |  25.8 | 23721.8
  Orcish Mines |  11.2 |  11.4 |   8.7 |   0.0 |   8.2 | 15142.0
        Vaults |   2.2 |   2.0 |   4.3 |   0.0 |   6.8 | 25003.0
      Ice Cave |   0.8 |   0.9 |   0.0 |   0.0 |   0.8 | 2881.0
               +-------+-------+-------+-------+-------+----------------------
